Map: 뉴 리퍼그넌시 - 래더

Players

herO - Winner!

  • Race: Protoss Protoss
  • League: Master
  • Spawn Location: 1:00

soO

  • Race: Zerg Zerg
  • League: Master
  • Spawn Location: 7:00

Event: 2019 Assembly Summer

VOD

Have the link to the VOD?

Description

Time

  • Played on: Aug. 2, 2019, 8:09 a.m.
  • Length: 9:20

All games in this series

Show
View Real Time Build Order
Export as new Build Order

herO Protoss - Winner!

Build Orders: 1 Gate Expand, Mass Phoenix 

Get SALT Encoding   

  12  0:00  Probe  
  13  0:12  Probe  
  14  0:17  Pylon  
  14  0:23  Probe  
  15  0:31  Probe  
  15  0:39  Gateway  
  15  0:40  Probe  
  16  0:49  Assimilator  
  17  0:52  Probe  
  19  1:04  Probe  
  19  1:16  Probe  
  20  1:26  Nexus  
  20  1:36  Cybernetics Core  
  20  1:40  Probe  
  20  1:46  Assimilator  
  21  1:52  Probe  
  22  1:57  Pylon  
  22  2:04  Probe  
  22  2:06  Adept  
  25  2:17  Robotics Facility  
  25  2:18  Probe  
  25  2:22  Warp Gate  
  26  2:30  Probe  
  26  2:35  Probe  
  26  2:37  Stalker  
  29  2:38  Probe  
  29  2:43  Probe  
  31  2:46  Probe  
  33  2:53  Probe  
  33  2:54  Warp Prism  
  33  2:56  Probe  
  35  3:05  Probe  
  38  3:08  Probe  
  39  3:14  Sentry  
  39  3:17  Pylon  
  39  3:18  Probe  
  42  3:21  Probe  
  43  3:28  Immortal  
  43  3:34  Probe x2  
  49  3:43  Gateway  
  49  3:53  Probe x2  
  51  3:56  Assimilator  
  51  3:57  Pylon  
  51  4:00  Stargate  
  51  4:03  Stargate  
  51  4:06  Probe  
  51  4:07  Probe  
  53  4:15  Immortal, Adept  
  55  4:18  Probe, Assimilator  
  55  4:19  Probe  
  57  4:28  Pylon  
  61  4:33  Probe  
  61  4:34  Pylon  
  62  4:38  Pylon  
  62  4:46  Phoenix  
  62  4:50  Phoenix  
  66  4:55  Observer  
  66  4:56  Gateway  
  66  4:58  Gateway  
  67  5:07  Gateway  
  67  5:10  Phoenix  
  67  5:11  Phoenix  
  69  5:28  Phoenix  
  69  5:30  Phoenix  
  69  5:35  Pylon  
  69  5:38  Gateway  
  69  5:40  Immortal  
  77  5:53  Phoenix  
  77  5:56  Shield Battery  
  79  5:59  Phoenix  
  81  6:07  Zealot x2  
  83  6:17  Zealot  
  83  6:18  Phoenix  
  87  6:20  Zealot  
  87  6:24  Phoenix  
  87  6:29  Zealot x2  
  87  6:30  Zealot  
  91  6:36  Pylon  
  91  6:38  Pylon  
  91  6:39  Phoenix  
  91  6:42  Pylon  
  91  6:44  Gateway  
  91  6:46  Phoenix  
  93  6:58  Phoenix, Pylon  
  95  7:05  Sentry  
  97  7:09  Phoenix  
  97  7:10  Zealot x2  
  103  7:16  Sentry  
  103  7:17  Zealot  
  107  7:25  Sentry  
  107  7:29  Pylon  
  109  7:37  Zealot x3, Sentry  
  117  7:47  Gateway  
  117  7:58  Stalker x4  
  117  7:59  Stalker  
  117  8:01  Stalker  
  123  8:21  Stalker x4  
  123  8:25  Stalker  
  127  8:32  Stalker  
  127  8:33  Stalker  
  104  8:48  Stalker x2  
  104  8:49  Stalker  
  94  9:10  Stalker x4  
  94  9:12  Stalker  
Show
View Real Time Build Order
Export as new Build Order

soO Zerg 

Build Orders: Hatch First 

Get SALT Encoding   

  12  0:00  Drone  
  13  0:12  Overlord  
  13  0:17  Drone  
  14  0:30  Drone x2  
  16  0:47  Hatchery  
  15  0:50  Drone  
  15  0:53  Drone  
  17  0:58  Drone  
  18  1:07  Extractor  
  17  1:13  Spawning Pool  
  17  1:17  Drone  
  17  1:21  Drone  
  18  1:27  Drone  
  19  1:38  Drone  
  20  1:49  Drone  
  20  1:53  Hatchery  
  20  2:01  Queen  
  20  2:07  Drone  
  23  2:11  Metabolic Boost  
  23  2:17  Drone  
  23  2:20  Zergling x2  
  25  2:26  Overlord  
  26  2:30  Zergling x2  
  26  2:35  Queen  
  28  2:45  Drone x2  
  28  2:46  Drone  
  28  2:48  Drone  
  32  2:55  Drone  
  32  2:57  Drone, Queen  
  36  3:06  Queen  
  36  3:09  Drone  
  39  3:16  Drone, Overlord  
  39  3:17  Drone  
  39  3:19  Drone  
  41  3:35  Drone x3  
  41  3:37  Drone x2  
  41  3:39  Overlord x2  
  46  3:45  Overlord  
  46  3:47  Drone x2  
  48  3:51  Overlord  
  48  3:53  Overlord  
  48  3:54  Drone  
  49  3:55  Overlord  
  49  3:57  Drone, Extractor x2  
  48  4:04  Drone x2  
  48  4:06  Roach Warren  
  48  4:08  Zergling x4  
  51  4:10  Drone  
  51  4:11  Drone  
  51  4:15  Zergling x4  
  55  4:18  Drone x3  
  55  4:21  Drone  
  59  4:25  Zergling x2  
  59  4:51  Roach x10  
  79  4:56  Overlord  
  79  4:57  Overlord  
  79  4:59  Lair  
  78  5:00  Overlord  
  78  5:07  Overlord  
  77  5:08  Overlord  
  77  5:14  Zergling x8  
  81  5:23  Overlord  
  81  5:30  Zergling x14  
  87  5:44  Drone x9  
  96  5:52  Drone  
  96  5:56  Drone x2  
  98  5:58  Glial Reconstitution  
  98  5:59  Evolution Chamber  
  98  6:01  Overseer  
  97  6:07  Roach x5  
  106  6:13  Drone  
  106  6:14  Queen x3  
  106  6:15  Extractor x2  
  108  6:23  Spire  
  102  6:26  Zergling x4  
  102  6:29  Zergling x2  
  95  6:33  Drone x2  
  91  6:40  Zergling x18  
  91  6:42  Spore Crawler  
  91  6:45  Spore Crawler x2  
  97  6:50  Queen  
  97  6:54  Queen  
  99  6:56  Queen  
  99  7:06  Ravager x2  
  98  7:14  Drone x2  
  98  7:15  Drone x4  
  100  7:18  Overlord  
  100  7:23  Overlord  
  100  7:25  Queen  
  100  7:27  Overlord  
  100  7:29  Queen  
  102  7:33  Overlord  
  102  7:34  Corruptor x4  
  112  7:37  Corruptor  
  112  7:40  Corruptor  
  113  7:45  Corruptor  
  113  7:51  Overlord  
  109  7:52  Roach x3  
  109  7:53  Roach  
  109  7:58  Overlord  
  117  8:00  Roach x2  
  117  8:03  Ravager x2  
  123  8:08  Roach  
  123  8:09  Roach x4  
  132  8:13  Roach x2  
  132  8:14  Roach  
  132  8:19  Roach  
  128  8:20  Roach  
  128  8:24  Roach x2  
  127  8:29  Roach x2  
  127  8:31  Roach  
  127  8:34  Roach  
  122  8:35  Roach  
  122  8:39  Roach  
  122  8:41  Roach  
  116  8:43  Roach, Zergling x4  
  116  8:46  Zergling x4  
  116  8:47  Zergling x4  
  101  8:51  Zergling x2  
  101  8:55  Zergling x2  
  83  8:57  Zergling x2  
  83  9:00  Zergling x4  
  83  9:02  Zergling x2  
Tags
 
Add a new tag
Caveats
  • Supply blocks, unpowered buildings, or Contaminate may cause inaccurate times.
  • Supply counts are checked every 10 seconds.